 Dungeon Crawl Stone Soup version 0.21-a0-349-g0c35859 (webtiles) character file.

8 vishdafish the Charmwright (level 2, 12/22 HPs)
             Began as a Demonspawn Skald on Oct 8, 2017.
             Quit the game on level 1 of the Dungeon.
             The game lasted 00:00:21 (189 turns).

vishdafish the Charmwright (Demonspawn Skald)        Turns: 189, Time: 00:00:22

Health: 12/22      AC:  3    Str: 11    XL:     2   Next: 0%
Magic:  5/5        EV: 12    Int: 14    God:
Gold:   13         SH:  0    Dex: 12    Spells: 4/5 levels left

rFire    . . .     SeeInvis .   a - +0 hand axe
rCold    . . .     Gourm    .   (no shield)
rNeg     . . .     Faith    .   b - +0 leather armour
rPois    .         Spirit   .   (no helmet)
rElec    .         Reflect  .   (no cloak)
rCorr    .         Harm     .   (no gloves)
MR       .....                  (no boots)
Stlth    ++........             (no amulet)
HPRegen  0.07/turn              (no ring)
MPRegen  0.09/turn              (no ring)

@: no status effects
A: nightstalker 1
a: no special abilities


You were on level 1 of the Dungeon.
You were not hungry.

You visited 1 branch of the dungeon, and saw 1 of its levels.

You collected 13 gold pieces.

Inventory:

Hand Weapons
 a - a +0 hand axe (weapon)
Armour
 b - a +0 leather armour (worn)
Scrolls
 g - a scroll of teleportation {unknown}
Potions
 e - a potion of cancellation {unknown}
 f - 2 potions of might {unknown}
Books
 c - a book of Battle

   Spells                             Type                      Level
   a - Infusion                       Charms                       1
   b - Shroud of Golubria             Charms/Translocation         2
   c - Song of Slaying                Charms                       2
   d - Spectral Weapon                Hexes/Charms                 3
   e - Regeneration                   Charms/Necromancy            3
Comestibles
 d - 2 bread rations


   Skills:
 + Level 2.0 Fighting
 + Level 1.7 Axes
 + Level 1.1 Armour
 + Level 1.8 Dodging
 + Level 2.0 Spellcasting
 + Level 3.1 Charms


You had 4 spell levels left.
You knew the following spells:

 Your Spells              Type           Power        Failure   Level  Hunger
a - Infusion              Chrm           ##..         9%          1    ##.....


Dungeon Overview and Level Annotations

Branches:
Dungeon (1/15)

Altars:


Innate Abilities, Weirdness & Mutations

You are slightly more attuned to the shadows.


Message History

You barely miss the rat.
The rat is heavily wounded.
The rat closely misses you.
You closely miss the rat.
The rat is heavily wounded.
The rat barely misses you. x2
You barely miss the rat. The rat bites you.
You hit the rat but do no damage. The rat bites you.
You are too injured to fight recklessly!
You are too injured to fight recklessly!
You are too injured to fight recklessly!
You are too injured to fight recklessly!
A rat is nearby!
You are too injured to fight recklessly!
You hit the rat.
You kill the rat!
You have reached level 2!
Your demonic ancestry asserts itself...
You slip into the darkness of the dungeon.
Are you sure you want to abandon this character and quit the game? (Confirm with "yes".)

.## #.# ... #.. ...
##..# ... ....# #.#
.... # .. ##. #..#
##.#.# .#.###..
#...##.%#..# ...##...
#.@...# ..##..##...
#.....## ..#..##...
.....###..###.#..##...
##... #....#.#..##...
...#. ##.#......##...
...........####...##...
.........#...
###....... ######..
.#.....#.##.... #####
## #..........#...)


There were no monsters in sight!

Vanquished Creatures
  2 goblins (D:1)
  2 hobgoblins (D:1)
  2 bats (D:1)
  3 rats (D:1)
9 creatures vanquished.

Notes
Turn   | Place    | Note
-------+----------+-------------------------------------------
     0 | D:1      | vishdafish the Demonspawn Skald began the quest for the Orb.
     0 | D:1      | Reached XP level 1. HP: 16/16 MP: 3/3
    82 | D:1      | Reached skill level 3 in Charms
   107 | D:1      | Reached skill level 1 in Armour
   188 | D:1      | Gained mutation: You are slightly more attuned to the shadows. [demonic ancestry]
   188 | D:1      | Reached XP level 2. HP: 12/22 MP: 5/5
   189 | D:1      | Quit the game

Vault maps used:
D:1:      sevenhm_arrival_forest_fort_small_1

Skill      XL: |  1 |
---------------+----+-----
Charms         | 3 |  3.1
Armour         | 1 |  1.1
Fighting       | |  2.0
Axes           | |  1.7
Dodging        | |  1.8
Spellcasting   | |  2.0

Action                   || total
-------------------------++-------
Melee: Hand axe          ||    37
 Cast: Infusion          ||     1
Armor: Leather armour    ||    14
Dodge: Dodged            ||    35

Table legend:
 A = Spawn XP
 B = Non-spawn XP
 C = Spawn XP percentage of total XP
 D = Spawn monster count
 E = Non-spawn monster count
 F = Spawn count percentage of total count
 G = Total turns spent on level
                    A         B        C        D         E        F      G
               +---------+---------+-------+---------+---------+-------+---------
         Total |       0 |      12 |   0.0 |       0 |       9 |   0.0 |   189
               +---------+---------+-------+---------+---------+-------+---------
           D:1 |       0 |      12 |   0.0 |       0 |       9 |   0.0 |   189
               +---------+---------+-------+---------+---------+-------+---------
